 Dungeon Sprint DCSS version 0.23.1 (webtiles) character file.

Game seed: 5107926551979287781

2974 nuthulu the Fighter (level 9, -4/89 HPs)
             Began as a Minotaur Fighter on Mar 4, 2019.
             Was a High Priest of Qazlal.
             Killed from afar by an Ice Fiend (46 damage)
             ... with a bolt of cold
             ... summoned by Ciecaren
             ... in the Dungeon (Sprint V: "Ziggurat Sprint").
             The game lasted 00:03:05 (716 turns).

nuthulu the Fighter (Minotaur Fighter)               Turns: 716, Time: 00:03:06

Health: -4/89      AC: 30    Str: 37    XL:     9   Next: 53%
Magic:  4/11       EV:  7    Int:  5    God:    Qazlal [*****.]
Gold:   0          SH: 39    Dex:  9    Spells: 8/8 levels left

rFire    + . .     SeeInvis +   F - +14 obsidian axe {chop, +Fly SInv *Curse} (curse)
rCold    . . .     Gourm    .   H - +18 shield of the Gong {rElec rN+ MR+ EV-5}
rNeg     + . .     Faith    .   G - +15 Maxwell's patent armour {-Cast -Tele rElec MR+ rCorr}
rPois    .         Spirit   .   o - +0 mask of the Dragon {MR+ Slay+3 SInv}
rElec    +         Reflect  .   (no cloak)
rCorr    +         Harm     .   (no gloves)
MR       +++..     NoTele   +   (no boots) Stlth ..........NoCast +
                                (no amulet)
HPRegen  0.24/turn              D - +6 ring of strength
MPRegen  0.12/turn              E - +6 ring of strength

@: protected from fire, mesmerised, repel missiles
A: retaliatory headbutt, horns 2, low mp 2, no potion heal 1
a: Upheaval, Elemental Force, Disaster Area, Renounce Religion, Evoke Flight


You were in the Dungeon.
You worshipped Qazlal.
Qazlal was extremely pleased with you.
You were not hungry.

You visited 1 branch

Inventory:

Hand Weapons
 a - a +0 war axe
 F - the cursed +14 obsidian axe (weapon) {chop, +Fly SInv *Curse}
   (You found it in the Dungeon)

   It inflicts extra damage upon your enemies.
   It lets you see invisible.
   It lets you fly.
   It curses itself when equipped.
   It has a curse placed upon it.
Armour
 b - a +0 scale mail
 c - a +0 shield
 o - the +0 mask of the Dragon (worn) {MR+ Slay+3 SInv}
   (You found it in the Dungeon)

   It affects your accuracy and damage with ranged weapons and melee attacks
   (+3).
   It affects your resistance to hostile enchantments.
   It lets you see invisible.
 G - the +15 Maxwell's patent armour (worn) {-Cast -Tele rElec MR+ rCorr}
   (You found it in the Dungeon)

   It insulates you from electricity.
   It affects your resistance to hostile enchantments.
   It prevents spellcasting.
   It prevents most forms of teleportation.
   It provides partial protection from all sources of acid and corrosion.
 H - the +18 shield of the Gong (worn) {rElec rN+ MR+ EV-5}
   (You found it in the Dungeon)

   It affects your evasion (-5).
   It insulates you from electricity.
   It protects you from negative energy.
   It affects your resistance to hostile enchantments.
Jewellery
 z - a +6 ring of dexterity
 A - a +6 ring of dexterity
 B - a +6 ring of intelligence
 C - a +6 ring of intelligence
 D - a +6 ring of strength (left hand)
 E - a +6 ring of strength (right hand)
Wands
 w - a wand of disintegration (7)
 x - a wand of iceblast (7)
 y - a wand of acid (7)
Scrolls
 k - 4 scrolls of blinking
 q - 4 scrolls of amnesia
 r - 8 scrolls of fog
 s - a scroll of holy word
 t - 5 scrolls of identify
 u - 5 scrolls of remove curse
 v - 2 scrolls of fear
Potions
 d - 6 potions of might
 e - 9 potions of curing
 g - 10 potions of heal wounds
 h - 6 potions of haste
 i - 7 potions of magic
 j - 3 potions of berserk rage
 l - 2 potions of brilliance
 m - 2 potions of invisibility
 n - 4 potions of resistance
 p - 5 potions of agility
Comestibles
 f - 7 rations


   Skills:
 + Level 11.5 Fighting
 + Level 11.0 Axes
 + Level 11.4 Armour
 + Level 10.1 Dodging
 + Level 11.2 Shields
 + Level 9.3 Invocations


You had 8 spell levels left.
You didn't know any spells.
Your spell library was empty.

Dungeon Overview and Level Annotations

Branches:
Dungeon (1/1)

Altars:
Ashenzari
Cheibriados
Dithmenos
Elyvilon
Fedhas
Gozag
Hepliaklqana
Kikubaaqudgha
Makhleb
Nemelex Xobeh
Okawaru
Qazlal
Ru
Sif Muna
Trog
Uskayaw
Vehumet
Wu Jian
Xom
Yredelemnul
Zin
The Shining One
Beogh
Jiyva
Lugonu

Annotations:
D 1 transporter


Innate Abilities, Weirdness & Mutations

You reflexively headbutt those who attack you in melee.
You have a pair of horns on your head.
Your magical capacity is very low. (-20% MP)
Potions are less effective at restoring your health.


Message History

You block Ciecaren's attack.
GONNNNG!
Your ufetubus is engulfed in blazing flames.
You kill your ufetubus!
You block the balrug's attack.
GONNNNG!
You block Ciecaren's attack.
BOUMMMMG!
Unknown command.
Unknown command.
Your system partially rejects the healing.
You feel better.
Your ynoxinul gestures at Ciecaren.
The iron shot hits Ciecaren!!
Ciecaren hits your ynoxinul! You block the balrug's attack.
BOUMMMMG!
The Ice Fiend gestures at you. The bolt of cold hits you!!!
Ouch! That really hurt!
You die...

▓.▓...▓.▓
▓...©...▓
▓▓▓▓▓▓▓▓▓
▓..8©8..▓
▓..=|}..▓
▓..)}=..▓
▓.......▓
▓..&12§.▓
▓.35@...▓
▓...°...▓
▓.▓§°§▓≈▓
▓...©...▓
▓▓▓▓▓▓▓▓▓


You could see Ciecaren, an Ice Fiend, a balrug, a friendly ynoxinul and a
friendly ufetubus.

Vanquished Creatures
  A cyclops (D)
  A shining eye (D)
  An orange demon (D)
  A hellwing (D)
  An ice devil (D)
  3 yaks (D)
  2 golden eyes (D)
  2 porcupines (D)
  A water moccasin (D)
  An eye of draining (D)
  2 ogres (D)
  2 bullfrogs (D)
  A jelly (D)
  3 adders (D)
  A shadow imp (D)
  A white imp (D)
  3 oozes (D)
  A jackal (D)
  A ball python (D)
29 creatures vanquished.

Vanquished Creatures (others)
  A spatial maelstrom (D)
1 creature vanquished.

Grand Total: 30 creatures vanquished

Notes
Turn   | Place    | Note
-------+----------+-------------------------------------------
     0 | D        | Found the +6 Majin-Bo {vamp, Archmagi MP+6 Int+6}
     0 | D        | Found the +7 great mace "Firestarter" {inner flame, rF++}
     0 | D        | nuthulu the Minotaur Fighter began the quest for the Orb.
     0 | D        | Reached XP level 1. HP: 19/19 MP: 0/0
     0 | D        | Found a deep blue altar of Sif Muna.
     0 | D        | Found a sacrificial altar of Ru.
     0 | D        | Found a bloodstained altar of Trog.
     0 | D        | Found a stormy altar of Qazlal.
     0 | D        | Found an iron altar of Okawaru.
     0 | D        | Found a sparkling altar of Nemelex Xobeh.
     0 | D        | Found a blossoming altar of Fedhas.
     2 | D        | Found a transporter.
     2 | D        | Found an ancient bone altar of Kikubaaqudgha.
     2 | D        | Found a viscous altar of Jiyva.
     2 | D        | Found a corrupted altar of Lugonu.
     2 | D        | Found a hazy altar of Hepliaklqana.
     2 | D        | Found a burning altar of Makhleb.
     2 | D        | Found an opulent altar of Gozag.
     5 | D        | Banished a spatial maelstrom
    22 | D        | Found the +9 heavy crossbow "Sniper" {velocity, Acc+∞ SInv}
    22 | D        | Found the +10 dark maul {crush}
    22 | D        | Found the +15 Maxwell's patent armour {-Cast -Tele rElec
                  | MR+ rCorr}
    22 | D        | Found the +18 shield of the Gong {rElec rN+ MR+ EV-5}
    22 | D        | Found the cursed +14 obsidian axe {chop, +Fly SInv *Curse}
    45 | D        | Found the +6 shillelagh "Devastator" {shatter}
    45 | D        | Found the +11 plutonium sword {*Contam Stlth-}
    45 | D        | Found the +8 lance "Wyrmbane" {slay drac, rPois rF+ rC+
                  | AC+3}
    45 | D        | Found the +9 sword of Zonguldrok {reap}
    45 | D        | Found the cursed +13 scythe of Curses {drain, *Curse}
    45 | D        | Found the +0 sword of Power
    45 | D        | Found the +7 mace of Variability {chain chaos}
    45 | D        | Found the +7 Singing Sword {slice, sonic wave}
    45 | D        | Found the +7 longbow "Piercer" {penet, EV-2}
    65 | D        | Became a worshipper of Qazlal Stormbringer
    72 | D        | Reached skill level 5 in Fighting
    72 | D        | Reached skill level 5 in Armour
    72 | D        | Reached skill level 5 in Shields
    72 | D        | Reached XP level 2. HP: 29/29 MP: 0/3
   110 | D        | Entered arena 2.
   110 | D        | Noticed an eye of draining
   110 | D        | Found a transporter.
   113 | D        | Reached XP level 3. HP: 36/36 MP: 0/4
   114 | D        | Killed an eye of draining
   114 | D        | Reached skill level 5 in Axes
   114 | D        | Reached XP level 4. HP: 45/45 MP: 0/6
   177 | D        | Entered arena 3.
   177 | D        | Noticed an ogre
   177 | D        | Noticed an ogre
   177 | D        | Noticed a cyclops
   177 | D        | Found a transporter.
   180 | D        | Killed an ogre
   180 | D        | Reached * piety under Qazlal
   180 | D        | Reached skill level 5 in Dodging
   180 | D        | Reached skill level 5 in Invocations
   180 | D        | Reached XP level 5. HP: 43/52 MP: 7/7
   181 | D        | Killed an ogre
   181 | D        | Reached XP level 6. HP: 22/61 MP: 7/9
   184 | D        | Killed a cyclops
   184 | D        | Reached XP level 7. HP: 23/70 MP: 7/11
   407 | D        | Entered arena 4.
   407 | D        | Found a transporter.
   409 | D        | Reached ** piety under Qazlal
   410 | D        | Noticed a sun demon
   548 | D        | Entered arena 5.
   548 | D        | Noticed a yak
   548 | D        | Noticed a yak
   548 | D        | Noticed a yak
   548 | D        | Found a transporter.
   551 | D        | Reached *** piety under Qazlal
   551 | D        | Reached XP level 8. HP: 78/78 MP: 12/12
   551 | D        | Noticed an orange demon
   554 | D        | Reached skill level 10 in Fighting
   555 | D        | Reached skill level 10 in Armour
   596 | D        | Entered arena 6.
   596 | D        | Found a transporter.
   598 | D        | Reached **** piety under Qazlal
   600 | D        | Reached skill level 10 in Shields
   602 | D        | Reached ***** piety under Qazlal
   614 | D        | Entered arena 7.
   614 | D        | Noticed a shining eye
   615 | D        | Found the +0 mask of the Dragon {MR+ Slay+3 SInv}
   615 | D        | Found a transporter.
   617 | D        | Gained mutation: Your magical capacity is low. (-10% MP) [a
                  | shining eye]
   619 | D        | Gained mutation: Potions are less effective at restoring
                  | your health. [a shining eye]
   621 | D        | Gained mutation: Your magical capacity is very low. (-20%
                  | MP) [a shining eye]
   622 | D        | Killed a shining eye
   622 | D        | Reached skill level 10 in Axes
   622 | D        | Reached XP level 9. HP: 86/86 MP: 11/11
   701 | D        | Entered arena 8.
   701 | D        | Noticed Ciecaren the pandemonium lord
   701 | D        | Noticed an orange demon
   701 | D        | Noticed a hellwing
   701 | D        | Noticed an ice devil
   702 | D        | Found a transporter.
   706 | D        | Killed an ice devil
   710 | D        | Noticed a balrug
   710 | D        | Killed a hellwing
   710 | D        | Reached ****** piety under Qazlal
   712 | D        | Killed an orange demon
   712 | D        | Reached skill level 10 in Dodging
   715 | D        | Noticed an Ice Fiend
   716 | D        | Killed from afar by an Ice Fiend

Skill      XL: |  1  2  3  4  5  6  7  8  9 |
---------------+----------------------------+-----
Fighting       | 5 6 7 9 10 11 | 11.5
Axes           | 4 5 6 8 9 10 11 | 11.0
Armour         | 5 6 7 8 9 10 11 | 11.4
Dodging        | 2 3 4 5 7 9 10 | 10.1
Shields        | 5 6 7 8 9 10 11 | 11.2
Invocations    | 2 3 4 5 6 7 8 9 |  9.3

Action                   |  1- 3 |  4- 6 |  7- 9 || total
-------------------------+-------+-------+-------++-------
Melee: Broad axe         |     3 |     4 |    36 ||    43
       Headbutt          |       |     2 |     7 ||     9
Invok: Disaster Area     |       |       |     1 ||     1
  Use: Potion            |     1 |       |     1 ||     2
Armor: Plate armour      |       |     1 |     8 ||     9
Dodge: Dodged            |     1 |       |     3 ||     4
       Deflected         |       |       |     1 ||     1
Block: Shield            |     1 |     2 |    71 ||    74
